 Dungeon Crawl Stone Soup version 0.28-a0-1233-g92def6ad0a (webtiles) character file.

Game seed: 6027352350547454886

65 Lekart the Chopper (level 3, -4/33 HPs)
             Began as a Draconian Chaos Knight on Dec 23, 2021.
             Was a Plaything of Xom.
             Splashed by a jelly's acid (9 damage)
             ... on level 2 of the Dungeon.
             The game lasted 00:01:45 (1378 turns).

Lekart the Chopper (Draconian Chaos Knight)         Turns: 1378, Time: 00:01:45

Health: -4/33      AC:  5    Str: 14    XL:     3   Next: 94%
Magic:  3/3        EV: 12    Int: 12    God:    Xom [..*...]
Gold:   77         SH:  0    Dex: 12    Spells: 2/2 levels left

rFire   . . .      SeeInvis .   a - +0 hand axe (chaos)
rCold   . . .      Faith    .   (no shield)
rNeg    . . .      Spirit   .   (armour unavailable)
rPois   .          Reflect  .   (helmet restricted)
rElec   .          Harm     .   (no cloak)
rCorr   .          Rampage  .   (no gloves)
Will    .....                   (no boots)
Stlth   +.........              (no amulet)
HPRegen 0.11/turn               (no ring)
MPRegen 0.08/turn               (no ring)

@: slowed, very slow
A: AC +5, unfitting armour, cold-blooded
a: Renounce Religion


You were on level 2 of the Dungeon.
You worshipped Xom.
You were a toy of Xom.
You visited 1 branch of the dungeon, and saw 2 of its levels.

You collected 77 gold pieces.

Inventory:

Hand Weapons
 a - a +0 hand axe of chaos (weapon)
Scrolls
 b - 2 scrolls of identify {unknown}
 e - a scroll of vulnerability {unknown}
 g - a scroll of noise {unknown}
 h - a scroll of enchant armour {unknown}
 j - a scroll of magic mapping {unknown}
Potions
 c - a potion of attraction {unknown}
 d - a potion of flight {unknown}
 f - 2 potions of resistance {unknown}
 i - a potion of mutation {unknown}


   Skills:
 + Level 3.9 Fighting
 + Level 4.1 Axes
 + Level 2.5 Dodging
 + Level 0.1 Stealth


You had 2 spell levels left.
You didn't know any spells.
Your spell library contained the following spells:

 Spells                   Type           Power      Damage    Failure   Level
 Passwall                 Tmut/Erth      0%         N/A       45%         2
 Swiftness                Air            0%         N/A       69%         3


Dungeon Overview and Level Annotations

Branches:
Dungeon (2/15)

Altars:


Innate Abilities, Weirdness & Mutations

Your plain brown scales are hard. (AC +5)
You cannot fit into any form of body armour.
You are cold-blooded and may be slowed by cold attacks.


Message History

The jelly quivers.
The endoplasm quivers. x2; The jelly quivers.
The endoplasm quivers.
You hit the endoplasm but do no damage. x2; You hit the endoplasm.
You drain the endoplasm.
You kill the endoplasm!
The endoplasm hits the fungus.
The endoplasm freezes you.
You are frozen.
You feel yourself slow down.
The endoplasm hits you but does no damage.
You completely miss the endoplasm. You hit the endoplasm.
A nearby fungus withers and dies.
The endoplasm hits you but does no damage.
You hit the jelly.
The jelly suddenly stops moving!
Your hands burn!
The jelly is lightly wounded.
You hit the endoplasm but do no damage.
You feel yourself speed up.
The jelly is no longer paralysed.
The endoplasm freezes you.
You are frozen.
You feel yourself slow down. The jelly hits you.
You are splashed with acid!
The endoplasm hits you.
You emit a cloud of colourful smoke!
The endoplasm hits the fungus.
The fungus begins to die.
The endoplasm misses you.
You are too injured to fight recklessly!
You are too injured to fight recklessly!
You are too injured to fight recklessly!
You are too injured to fight recklessly!
Unknown command.
You hit the jelly. You burn the jelly.
Your hands burn!
* * * LOW HITPOINT WARNING * * *
The jelly is heavily wounded.
You completely miss the endoplasm. You hit the endoplasm but do no damage.
A nearby fungus withers and dies.
The jelly misses you.
The endoplasm completely misses the fungus.
The endoplasm hits you but does no damage.
Something hits the fungus.
The jelly hits you.
* * * LOW HITPOINT WARNING * * *
You are splashed with acid!
You die...
Xom is highly amused!

......... ##########
....... ..#.##.###
#.÷......! .......
......... #....÷..P.
####### .).....#
#.##.......P. #......
.......##.#.##.J.J.....
###......
..........#.##.PJJ.÷.÷.
#.+......
.......####.##§JJPJ...÷
#.#...... ##........#.#
#J####### #...####.
##.#'####.#.#
##@..)..#####.# #.
...#.# #.#.# ########.#
#.# #. .###.####.#.#
#....'..## #.# #. .#
#........###....####
#.# #. .#
#.####.##.##.......#
#.# #.
.#.#.####....##.....[.#
#.# .
##.#.......).##.......#
#.#
.#...........##.......#
#.#
.#.#.........###.....##
###.##


You could see 2 jellies and an endoplasm.

Vanquished Creatures
  2 adders (D:2)
  A dart slug (D:2)
  2 ball pythons
  3 endoplasms (D:2)
  3 giant cockroaches (D:1)
  A goblin (D:1)
  8 hobgoblins
  2 jackals (D:1)
  9 kobolds
  A quokka (D:1)
  3 bats (D:1)
  2 frilled lizards
  4 rats (D:1)
41 creatures vanquished.

Vanquished Creatures (others)
  2 fungi (D:2)
  9 toadstools (D:2)
11 creatures vanquished.

Grand Total: 52 creatures vanquished

Notes
Turn   | Place    | Note
-------+----------+-------------------------------------------
     0 | D:1      | Lekart the Draconian Chaos Knight began the quest for the
                  | Orb.
     0 | D:1      | Reached XP level 1. HP: 19/19 MP: 1/1
   128 | D:1      | Reached XP level 2. HP: 26/26 MP: 2/2
   271 | D:1      | XOM: silly message
   393 | D:1      | XOM: silly message
   426 | D:1      | XOM: silly message
   875 | D:2      | Reached XP level 3. HP: 33/33 MP: 3/3
   887 | D:2      | Noticed a great orb of eyes
   890 | D:2      | Noticed a shining eye
   892 | D:2      | Found a faded altar of an unknown god.
   894 | D:2      | Noticed a great orb of eyes
   894 | D:2      | Noticed a great orb of eyes
  1082 | D:2      | XOM: potion effect (haste)
  1142 | D:2      | XOM: scenery: summon butterflies
  1223 | D:2      | Reached skill level 4 in Axes
  1376 | D:2      | XOM: smoke on damage
  1378 | D:2      | Splashed by a jelly's acid

Illustrated notes

Levels and vault maps discovered:
D:1:      denvon_arrival_hothouse, layout_basic, nrook_loot_triangle
D:2:      cheibrodos_fertilizer, layout_basic,
          hellmonk_ecumenical_altar_watching_god

Skill      XL: |  1  2  3 |
---------------+----------+-----
Axes           | 4 |  4.1
Fighting       | |  3.9
Dodging        | |  2.5
Stealth        | |  0.1

Action                   || total
-------------------------++-------
Melee: Hand axe          ||    86
       Tailslap          ||    10
 Stab: Sleeping          ||     1
Armor: Skin              ||    21
Dodge: Dodged            ||    47

Table legend: (Time is in decaauts)
 A = Elapsed time spent in this place.
 B = Non-inter-level travel time spent in this place.
 C = Inter-level travel time spent in this place.
 D = Time resting spent in this place.
 E = Time spent auto-exploring this place.
 F = Levels seen in this place.
 G = Mean time per level.
                   A        B        C        D        E       F      G
               +--------+--------+--------+--------+--------+-----+--------+
         Total |   1369 |   1345 |     24 |      0 |   1132 |   2 |  684.5 |
       Dungeon |   1369 |   1345 |     24 |      0 |   1132 |   2 |  684.5 |
               +--------+--------+--------+--------+--------+-----+--------+

Top non-repeatable levels by time:
     D:1: 850 daAuts
     D:2: 519 daAuts
